 Dungeon Crawl Stone Soup version 0.28-b1-25-g9875b3fc8c (webtiles) character file.

Game seed: 11020659341981523503

2223 lordive the Summoner (level 9, -10/45 HPs)
             Began as a Tengu Summoner on Jan 31, 2022.
             Mangled by an orc warrior (28 damage)
             ... in a bailey.
             The game lasted 00:20:43 (10163 turns).

lordive the Summoner (Tengu Summoner)              Turns: 10163, Time: 00:20:44

Health: -10/45     AC:  2    Str:  8    XL:     9   Next: 35%
Magic:  13/20      EV: 15    Int: 21    God:
Gold:   237        SH:  0    Dex: 14    Spells: 12/21 levels left

rFire   . . .      SeeInvis .   d - +1 whip (freeze)
rCold   . . .      Faith    .   (no shield)
rNeg    . . .      Spirit   .   a - +0 robe
rPois   .          Reflect  .   (helmet restricted)
rElec   .          Harm     .   (no cloak)
rCorr   .          Rampage  .   (no gloves)
Will    .....                   (boots unavailable)
Stlth   ++........              (no amulet)
HPRegen 0.15/turn               (no ring)
MPRegen 0.17/turn               (no ring)

@: flying quickly and evasively, quick
A: beak, talons 3, nimble flight
a: no special abilities


You were in a bailey.
You visited 1 branch of the dungeon, and saw 7 of its levels.
You also visited: Bailey.

You collected 237 gold pieces.

Inventory:

Hand Weapons
 d - a +1 whip of freezing (weapon)
Armour
 a - a +0 robe (worn)
Magical Staves
 v - a staff of fire
Jewellery
 j - a +6 ring of strength
 t - a +6 ring of intelligence
Wands
 k - a wand of flame (10)
 q - a wand of charming (7)
 r - a wand of iceblast (3)
 w - a wand of digging (5)
Scrolls
 b - 5 scrolls of identify {unknown}
 c - 3 scrolls of amnesia {unknown}
 e - 2 scrolls of immolation {unknown}
 f - 5 scrolls of teleportation {unknown}
 l - a scroll of fog {unknown}
 m - a scroll of torment {unknown}
 u - a scroll of magic mapping {unknown}
Potions
 g - a potion of haste {unknown}
 h - a potion of cancellation {unknown}
 i - a potion of berserk rage {unknown}
 n - a potion of lignification {unknown}
 o - 4 potions of curing {unknown}
 p - a potion of brilliance {unknown}
 s - a potion of ambrosia {unknown}
 x - a potion of heal wounds {unknown}


   Skills:
 + Level 0.2 Fighting
 + Level 0.8 Maces & Flails
 + Level 3.0 Dodging
 - Level 2.0 Stealth
 + Level 6.7 Spellcasting
 + Level 0.5 Hexes
 * Level 12.3 Summonings


You had 12 spell levels left.
You knew the following spells:

 Your Spells              Type           Power      Damage    Failure   Level
a - Summon Small Mammal   Summ           100%       N/A       1%          1
b - Call Imp              Summ           56%        N/A       1%          2
c - Call Canine Familiar  Summ           56%        N/A       1%          3
d - Summon Guardian Gole  Hex/Summ       34%        N/A       1%          3

Your spell library contained the following spells:

 Spells                   Type           Power      Damage    Failure   Level
 Summon Lightning Spire   Summ/Air       32%        N/A       7%          4
 Static Discharge         Conj/Air       7%         N/A       14%         2
 Ignite Poison            Fire/Tmut/Pois 7%         N/A       26%         3
 Mephitic Cloud           Conj/Pois/Air  7%         N/A       26%         3
 Freezing Cloud           Conj/Ice/Air   3%         6-21      94%         5
 Lightning Bolt           Conj/Air       3%         1d15      94%         5
 Maxwell's Capacitive Co  Air            3%         ∞         100%        8


Dungeon Overview and Level Annotations

Branches:
Dungeon (7/15)             Bailey (1/1)
 Temple: D:4-7

Altars:
Dithmenos
Ru
Sif Muna
Wu Jian
The Shining One

Annotations:
D:5 1 runed translucent door, Crazy Yiuf


Innate Abilities, Weirdness & Mutations

You have a beak for a mouth.
You have claws for feet.
Your magical nature lets you fly swiftly and evasively.


Message History

The orc dies!
The orc hits you from afar with a +0 trident.
Unknown command.
Your wolf barely misses the orc.
Your crimson imp blinks!
The orc hits your rat with a +0 halberd.
Your rat dies!
Your rat's corpse disappears in a puff of smoke!
The orc hits you from afar with a +0 trident.
Your wolf bites the orc.
An orc warrior comes into view. It is wielding a +0 glaive.
Your wolf closely misses the orc.
The orc barely misses you.
Unknown command.
Your wolf bites the orc.
The orc misses you.
Your wolf bites the orc.
The orc dies!
Unknown command.
Your wolf barely misses the orc.
Your crimson imp hits the orc warrior but does no damage.
The orc misses you.
Your wolf completely misses the orc.
Unknown command.
Your wolf barely misses the orc.
Your crimson imp hits the orc warrior but does no damage.
The orc closely misses you.
Your wolf barely misses the orc.
Unknown command.
Your guardian golem disappears in a puff of smoke!
Your crimson imp blinks!
The orc misses you.
Your wolf bites the orc.
Unknown command.
Your wolf bites the orc.
The orc dies!
Your wolf barely misses the orc warrior.
The orc warrior closely misses you.
Unknown command.
Your wolf bites the orc warrior.
The orc warrior misses you.
Your wolf barely misses the orc warrior.
Unknown command.
Your wolf closely misses the orc warrior.
The orc warrior hits you from afar with a +0 glaive!!
Ouch! That really hurt!
You die...

≈≈≈≈..# ### ##.. ≈≈...#
.. ♣♣♣...♣♣..≈ ≈...##
.. ♣♣......♣..≈ ....#
.#
♣.........######...#.8#
♣..∩...........5...#..#
♣.............ho...'..#
♣............@.))..'..#
♣..∩...............#..#
♣.........######...# 8#
♣♣.........≈≈≈≈....# #
♣♣♣....♣..≈≈≈≈.♣.##
###.....≈≈≈≈...#
##.♣..≈≈≈≈♣..#
#...≈≈≈≈≈♣..#
#♣.≈≈≈≈≈♣♣....


You could see an orc warrior (ally target), a friendly wolf (summoned) and a
friendly crimson imp (summoned).

Vanquished Creatures
  A hobgoblin (D:1)
1 creature vanquished.

Vanquished Creatures (collateral kills)
  Pikel (D:4)
  A wraith (D:5)
  Eustachio (D:6)
  A water moccasin (D:6)
  Edmund (D:6)
  Duvessa (D:7)
  An ice beast (D:5)
  An ogre (D:5)
  A phantom (D:5)
  3 lemures
  A scorpion (D:6)
  Dowan (D:7)
  2 orc priests
  A centaur zombie (D:7)
  5 hounds
  A centaur skeleton (D:4)
  2 iguanas (D:5)
  3 orc wizards (D:6)
  A killer bee zombie (D:6)
  2 scorpion zombies (D:5)
  A hound zombie (D:5)
  A howler monkey zombie (D:5)
  6 adders
  A shadow imp (D:6)
  A white imp (D:5)
  An adder skeleton (D:5)
  5 worms
  5 dart slugs
  26 orcs
  9 endoplasms
  2 giant cockroaches
  11 goblins
  8 hobgoblins
  2 jackals (D:3)
  A quokka (D:1)
  3 ball pythons
  2 bats (D:3)
  6 frilled lizards
  4 kobolds
  4 rats
130 creatures vanquished.

Vanquished Creatures (others)
  A bullfrog (D:6)
  A howler monkey (D:6)
  A goblin (D:4)
3 creatures vanquished.

Grand Total: 134 creatures vanquished

Notes
Turn   | Place    | Note
-------+----------+-------------------------------------------
     0 | D:1      | lordive the Tengu Summoner began the quest for the Orb.
     0 | D:1      | Reached XP level 1. HP: 10/10 MP: 4/4
    85 | D:1      | You fall into a shaft and drop 1 floor!
    94 | D:2      | Reached skill level 5 in Summonings
   400 | D:2      | Reached XP level 2. HP: 11/15 MP: 4/6
   681 | D:2      | Learned a level 2 spell: Call Imp
   778 | D:2      | Reached XP level 3. HP: 13/19 MP: 2/7
   938 | D:2      | Learned a level 3 spell: Call Canine Familiar
  1143 | D:2      | Reached skill level 6 in Summonings
  1835 | D:1      | Reached XP level 4. HP: 6/24 MP: 2/8
  3088 | D:3      | Gained mutation: Your magical nature lets you fly swiftly
                  | and evasively. [Tengu growth]
  3088 | D:3      | Reached XP level 5. HP: 28/28 MP: 6/10
  3307 | D:3      | Found an ornate altar of the Wu Jian Council.
  4028 | D:4      | Found a shadowy altar of Dithmenos.
  4388 | D:4      | Found a glowing golden altar of the Shining One.
  4388 | D:4      | Found a shimmering blue altar of Sif Muna.
  4484 | D:4      | Noticed a lemure
  4484 | D:4      | Noticed a lemure
  4485 | D:4      | Noticed Pikel
  4485 | D:4      | Noticed a lemure
  4486 | D:4      | Noticed a lemure
  4822 | D:4      | Killed a lemure
  4918 | D:4      | Killed a lemure
  5003 | D:4      | Reached skill level 7 in Summonings
  5173 | D:4      | Learned a level 3 spell: Summon Guardian Golem
  5461 | D:3      | Killed a lemure
  5600 | D:4      | Found a sacrificial altar of Ru.
  5854 | D:4      | Killed Pikel
  5855 | D:4      | Reached skill level 8 in Summonings
  5855 | D:4      | Reached XP level 6. HP: 26/32 MP: 0/13
  5855 | D:4      | Reached XP level 7. HP: 29/36 MP: 0/14
  5973 | D:5      | Entered Level 5 of the Dungeon
  5992 | D:5      | Reached skill level 9 in Summonings
  6081 | D:5      | Noticed a wraith
  6136 | D:5      | Killed a wraith
  6137 | D:5      | Reached skill level 5 in Spellcasting
  6137 | D:5      | Reached XP level 8. HP: 19/41 MP: 5/16
  6624 | D:5      | Reached skill level 10 in Summonings
  7568 | D:5      | Found a runed translucent door.
  7569 | D:5      | Noticed Crazy Yiuf
  8178 | D:6      | Noticed Eustachio
  8279 | D:6      | Killed Eustachio
  8494 | D:6      | Reached skill level 11 in Summonings
  8767 | D:6      | Reached XP level 9. HP: 4/45 MP: 11/19
  9338 | D:6      | Noticed Edmund
  9347 | D:6      | Killed Edmund
  9432 | D:6      | Reached skill level 12 in Summonings
  9847 | D:7      | Found a flagged portal.
  9848 | D:7      | Noticed Dowan
  9853 | D:7      | Noticed Duvessa
  9866 | D:7      | Killed Duvessa
  9873 | D:7      | Killed Dowan
  9922 | Bailey   | Entered a bailey
 10163 | Bailey   | Mangled by an orc warrior

Illustrated notes

Levels and vault maps discovered:
D:1:      dpeg_arrival_tiny_h, layout_basic, serial_aquarium,
          aquarium_bridge_square [aquarium_subvault_bridge,
          aquarium_subvault_bridge, aquarium_subvault_balcony,
          aquarium_subvault_bridge], aquarium_bridge_square
          [aquarium_subvault_bridge, aquarium_subvault_window,
          aquarium_subvault_wall, aquarium_subvault_bridge],
          aquarium_window_fake, aquarium_window_corner, aquarium_view_2d,
          aquarium_pool_2
D:2:      wad_crossroads, layout_rooms, kennysheep_big_empty_room
D:3:      layout_basic, old_standard_altar, minmay_distorted
D:4:      layout_gridville, lemuel_crystal_altar,
          gammafunk_temple_overflow_elements,
          mainiacjoe_overflow_six_doors_small, serial_bayou_pond_b, uniq_pikel
D:5:      minmay_inner_zag, layout_layer_cave, uniq_crazy_yiuf_cottage
D:6:      layout_gridville, uniq_edmund, uniq_eustachio
D:7:      layout_basic, nicolae_hepliaklqana_hippocampus,
          minmay_temple_entry_sparse_star, enter_bailey_5, uniq_duvessa
Bailey:   bailey_polearm_elven_captive_hellmonk, bailey

Skill      XL: |  1  2  3  4  5  6  7  8  9 |
---------------+----------------------------+-----
Summonings     | 5 6 8 9 11 12 | 12.3
Spellcasting   | 4 5 6 |  6.7
Dodging        | 3 |  3.0
Fighting       | |  0.2
Maces & Flails | |  0.8
Stealth        | |  2.0
Hexes          | |  0.5

Action                   |  1- 3 |  4- 6 |  7- 9 || total
-------------------------+-------+-------+-------++-------
Melee: Whip              |       |    10 |       ||    10
       Kick              |       |     1 |       ||     1
       Peck              |       |     1 |       ||     1
       Punch             |       |     1 |       ||     1
       Unarmed           |       |       |     1 ||     1
 Cast: Summon Small Mamm |    41 |    58 |    61 ||   160
       Call Imp          |    10 |    28 |    23 ||    61
       Call Canine Famil |     3 |    30 |    26 ||    59
       Summon Guardian G |       |       |    16 ||    16
Armor: Robe              |     5 |     7 |     8 ||    20
       Skin              |       |       |     6 ||     6
Dodge: Dodged            |    22 |    44 |    96 ||   162
